NCAA
IOWA HAWKEYES @ SOUTH CAROLINA GAMECOCKS
04/24/2027
 
TOP OF THE 1ST
Iowa Hawkeyes batting - Pitching for South Carolina Gamecocks : RHP Jim Pope
Pitching: RHP Jim Pope
Batting: RHB Chris Boner 0-0: Called Strike
0-1: Ball
1-1: Foul Ball, location: 2F
1-2: Ball
2-2: Ball
3-2: Foul Ball, location: 2F
3-2: Foul Ball, location: 2F
3-2: Fly out, F7 (Flyball, 7)
Batting: RHB Mike Russell 0-0: Ball
1-0: Ball
2-0: Swinging Strike
2-1: Ball
3-1: Called Strike
3-2: Base on Balls
Batting: RHB Juan Escalante 0-0: Ball
1-0: Called Strike
1-1: Ball
2-1: Foul Ball, location: 2F
2-2: Foul Ball, location: 2F
2-2: Foul Ball, location: 2F
2-2: Ball
3-2: Foul Ball, location: 2F
3-2: Base on Balls
Mike Russell to second
Batting: RHB Jim Jones 0-0: Swinging Strike
0-1: Swinging Strike
0-2: Ball
1-2: Ball
2-2: Strikes out swinging
Batting: RHB Miguel López 0-0: Fielders Choice at 2nd, 4-6 (Groundball, 4)
Top of the 1st over - 0 run(s), 0 hit(s), 0 error(s), 1 left on base; Iowa 0 - South Carolina 0
BOTTOM OF THE 1ST
South Carolina Gamecocks batting - Pitching for Iowa Hawkeyes : RHP Eduardo Morales
Pitching: RHP Eduardo Morales
Batting: RHB Rob DeWitt 0-0: Foul Ball, location: 2F
0-1: Ball
1-1: SINGLE (Line Drive, 7LS)
Batting: SHB Ron Sims 0-0: Called Strike
0-1: Ball
1-1: Ball
2-1: Called Strike
2-2: Ball
3-2: Base on Balls
Rob DeWitt to second
Batting: LHB Bill Walter 0-0: Ball
1-0: Called Strike
1-1: SINGLE (Groundball, 34S) (infield hit)
Rob DeWitt to third
Ron Sims to second
Batting: LHB Chandler Pitts 0-0: Called Strike
0-1: Foul Ball, location: 2F
0-2: Ball
1-2: Fly out, F5 (Popup, 5S)
Batting: RHB Fernando Pérez 0-0: Ball
1-0: Ball
2-0: Swinging Strike
2-1: Ball
3-1: Base on Balls
Rob DeWitt scores
Ron Sims to third
Bill Walter to second
Batting: RHB Ryan Campbell 0-0: Foul Ball, location: 2F
0-1: Ball
1-1: Ball
2-1: Grounds into double play, 5-4-3 (Groundball, 56)
Bottom of the 1st over - 1 run(s), 2 hit(s), 0 error(s), 2 left on base; Iowa 0 - South Carolina 1
TOP OF THE 2ND
Iowa Hawkeyes batting - Pitching for South Carolina Gamecocks : RHP Jim Pope
Batting: RHB Stephen Spence 0-0: Ball
1-0: Ball
2-0: Ball
3-0: Base on Balls
Batting: RHB Rick Suárez 0-0: Ball
1-0: Swinging Strike
1-1: Called Strike
1-2: Ball
2-2: Foul Ball, location: 2F
2-2: Strikes out swinging
Batting: RHB Ed Nygaard 0-0: Called Strike
0-1: Foul Ball, location: 2F
0-2: Strikes out swinging
Batting: RHB Jim Sharry 0-0: Ball
1-0: Ball
2-0: Ball
3-0: Base on Balls
Stephen Spence to second
Batting: RHB Chris Boner 0-0: Ball
1-0: Foul Ball, location: 2F
1-1: Called Strike
1-2: Fly out, F8 (Flyball, 8RD)
Top of the 2nd over - 0 run(s), 0 hit(s), 0 error(s), 2 left on base; Iowa 0 - South Carolina 1
BOTTOM OF THE 2ND
South Carolina Gamecocks batting - Pitching for Iowa Hawkeyes : RHP Eduardo Morales
Batting: RHB José Maldonado 0-0: Ball
1-0: Foul Ball, location: 2F
1-1: Ball
2-1: Ball
3-1: Ground out 4-3 (Groundball, 4)
Batting: RHB Mason Melton 0-0: Ball
1-0: Ball
2-0: Foul Ball, location: 2F
2-1: Called Strike
2-2: Ball
3-2: Reached on error, E5 (Groundball, 56)
Batting: LHB Gilberto Ortíz 0-0: Fly out, F8 (Flyball, 8LM)
Batting: RHB Rob DeWitt 0-0: Called Strike
0-1: Swinging Strike
0-2: Ball
1-2: Foul Ball, location: 2F
1-2: Ball
2-2: TRIPLE (Flyball, 78D)
Mason Melton scores
Batting: SHB Ron Sims 0-0: Called Strike
0-1: Called Strike
0-2: Ball
1-2: Ball
Wild Pitch!
Rob DeWitt scores
2-2: Foul Ball, location: 2F
2-2: Strikes out swinging
Bottom of the 2nd over - 2 run(s), 1 hit(s), 1 error(s), 0 left on base; Iowa 0 - South Carolina 3
TOP OF THE 3RD
Iowa Hawkeyes batting - Pitching for South Carolina Gamecocks : RHP Jim Pope
Batting: RHB Mike Russell 0-0: Called Strike
0-1: Ball
1-1: Swinging Strike
1-2: Strikes out looking
Batting: RHB Juan Escalante 0-0: Ball
1-0: Called Strike
1-1: Foul Ball, location: 2F
1-2: Fly out, F9 (Flyball, 9LS)
Batting: RHB Jim Jones 0-0: Called Strike
0-1: Foul Ball, location: 2F
0-2: Strikes out looking
Top of the 3rd over - 0 run(s), 0 hit(s), 0 error(s), 0 left on base; Iowa 0 - South Carolina 3
BOTTOM OF THE 3RD
South Carolina Gamecocks batting - Pitching for Iowa Hawkeyes : RHP Eduardo Morales
Batting: LHB Bill Walter 0-0: Ball
1-0: Called Strike
1-1: Ball
2-1: Foul Ball, location: 2F
2-2: Strikes out swinging, 2-3 out at first.
Batting: LHB Chandler Pitts 0-0: Ball
1-0: Foul Ball, location: 2F
1-1: SINGLE (Line Drive, 56)
Batting: RHB Fernando Pérez 0-0: Ball
1-0: SINGLE (Groundball, 6MD)
Chandler Pitts to second
Batting: RHB Ryan Campbell 0-0: Ball
1-0: Fly out, F9 (Flyball, 89M)
Batting: RHB José Maldonado 0-0: Called Strike
0-1: Ball
1-1: Ball
2-1: Ball
3-1: Foul Ball, location: 2F
3-2: Foul Ball, location: 2F
3-2: Base on Balls
Chandler Pitts to third
Fernando Pérez to second
Pitching: RHP Dennis Montés
Batting: RHB Mason Melton 0-0: Called Strike
0-1: Foul Ball, location: 2F
0-2: Strikes out swinging
Bottom of the 3rd over - 0 run(s), 2 hit(s), 0 error(s), 3 left on base; Iowa 0 - South Carolina 3
TOP OF THE 4TH
Iowa Hawkeyes batting - Pitching for South Carolina Gamecocks : RHP Jim Pope
Batting: RHB Miguel López 0-0: Ball
1-0: SINGLE (Flyball, 89M)
Batting: RHB Stephen Spence 0-0: Called Strike
0-1: Called Strike
0-2: SINGLE (Flyball, 89S)
Miguel López to second
Runner from 2nd tries for 3rd, SAFE, throw made to third
Batting: RHB Rick Suárez 0-0: Called Strike
0-1: Ball
Pickoff Throw by Catcher to First - Error! E2
Miguel López scores
Stephen Spence to second
1-1: Ball
2-1: Fly out, F9 (Flyball, 9LS)
Batting: RHB Ed Nygaard 0-0: Called Strike
0-1: Ball
1-1: SINGLE (Groundball, 4MD)
Stephen Spence to third
Batting: RHB Jim Sharry 0-0: Ball
1-0: Ball
2-0: Ball
3-0: Called Strike
3-1: Base on Balls
Ed Nygaard to second
Batting: RHB Chris Boner 0-0: Foul Ball, location: 2F
0-1: GRAND SLAM HOME RUN (Line Drive, 8LXD), Distance : 408 ft
Pitching: LHP Juan Olivo
Batting: RHB Mike Russell 0-0: Called Strike
0-1: Swinging Strike
0-2: Ball
1-2: Ground out 6-3 (Groundball, 6S)
Batting: RHB Juan Escalante 0-0: Foul Ball, location: 2F
0-1: Ground out 6-3 (Groundball, 6)
Top of the 4th over - 5 run(s), 4 hit(s), 1 error(s), 0 left on base; Iowa 5 - South Carolina 3
BOTTOM OF THE 4TH
South Carolina Gamecocks batting - Pitching for Iowa Hawkeyes : RHP Dennis Montés
Batting: LHB Gilberto Ortíz 0-0: Ball
1-0: Called Strike
1-1: Ball
2-1: Ball
3-1: Called Strike
3-2: Fly out, F7 (Flyball, 7LM)
Batting: RHB Rob DeWitt 0-0: Ball
1-0: Foul Ball, location: 2F
1-1: Called Strike
1-2: Ball
2-2: Ball
3-2: Foul Ball, location: 2F
3-2: Base on Balls
Batting: SHB Ron Sims 0-0: Ball
1-0: Ball
2-0: Ball
3-0: Called Strike
3-1: Called Strike
3-2: Foul Ball, location: 2F
3-2: Strikes out swinging
Batting: LHB Bill Walter 0-0: Called Strike
0-1: Ball
1-1: Ball
2-1: Foul Ball, location: 2F
2-2: Ball
3-2: Foul Ball, location: 2F
3-2: Fly out, F7 (Flyball, 7LS)
Bottom of the 4th over - 0 run(s), 0 hit(s), 0 error(s), 1 left on base; Iowa 5 - South Carolina 3
TOP OF THE 5TH
Iowa Hawkeyes batting - Pitching for South Carolina Gamecocks : LHP Juan Olivo
Batting: RHB Jim Jones 0-0: Called Strike
0-1: Swinging Strike
0-2: Ball
1-2: Strikes out looking
Batting: RHB Miguel López 0-0: Foul Ball, location: 2F
0-1: SINGLE (Line Drive, 7LS)
Batting: RHB Stephen Spence 0-0: Called Strike
0-1: Ball
1-1: Foul Ball, location: 2F
1-2: Foul Ball, location: 2F
1-2: Ball
2-2: Strikes out looking
Batting: RHB Rick Suárez 0-0: Ball
1-0: Ball
2-0: Called Strike
2-1: Foul Ball, location: 2F
2-2: Foul Ball, location: 2F
2-2: Hit by Pitch
Miguel López to second
Batting: RHB Ed Nygaard 0-0: Swinging Strike
0-1: SINGLE (Line Drive, 4D)
Miguel López to third
Rick Suárez to second
Runner from 3rd tries for Home, SAFE, no throw
Batting: RHB Jim Sharry 0-0: SINGLE (Line Drive, 4MD)
Rick Suárez to third
Ed Nygaard to second
Runner from 3rd tries for Home, SAFE, no throw
Batting: RHB Chris Boner 0-0: Ball
1-0: Ball
2-0: Ball
3-0: Called Strike
3-1: Base on Balls
Ed Nygaard to third
Jim Sharry to second
Batting: RHB Mike Russell 0-0: Ball
1-0: SINGLE (Groundball, 6D)
Ed Nygaard scores
Jim Sharry to third
Chris Boner to second
Runner from 3rd tries for Home, throw and OUT!
Top of the 5th over - 3 run(s), 4 hit(s), 0 error(s), 2 left on base; Iowa 8 - South Carolina 3
BOTTOM OF THE 5TH
South Carolina Gamecocks batting - Pitching for Iowa Hawkeyes : RHP Dennis Montés
Batting: LHB Chandler Pitts 0-0: Ball
1-0: Ball
2-0: Ball
3-0: Base on Balls
Batting: RHB Fernando Pérez 0-0: Ball
1-0: Ball
2-0: Ball
3-0: Base on Balls
Chandler Pitts to second
Batting: RHB Ryan Campbell 0-0: Ball
1-0: Ball
2-0: Fly out, F7 (Line Drive, 7)
Batting: RHB José Maldonado 0-0: Ball
1-0: Ball
2-0: Ball
3-0: Base on Balls
Chandler Pitts to third
Fernando Pérez to second
Batting: RHB Mason Melton 0-0: Ball
1-0: Ball
2-0: Foul Ball, location: 2F
2-1: Ball
3-1: Foul Ball, location: 2F
3-2: Base on Balls
Chandler Pitts scores
Fernando Pérez to third
José Maldonado to second
Batting: LHB Gilberto Ortíz 0-0: SINGLE (Groundball, 5D)
Fernando Pérez scores
José Maldonado to third
Mason Melton to second
Runner from 3rd tries for Home, SAFE, throw made at trailing runner, OUT at third!
Pitching: RHP Pedro Castillo
Batting: RHB Rob DeWitt 0-0: Called Strike
0-1: Called Strike
0-2: Strikes out looking
Bottom of the 5th over - 3 run(s), 1 hit(s), 0 error(s), 1 left on base; Iowa 8 - South Carolina 6
TOP OF THE 6TH
Iowa Hawkeyes batting - Pitching for South Carolina Gamecocks : LHP Juan Olivo
Pitching: RHP Keith Anderson
Batting: RHB Juan Escalante 0-0: Fly out, F8 (Flyball, 8RS)
Pitching: LHP Michael Harrison
Batting: RHB Jim Jones 0-0: Ball
1-0: Ball
2-0: Ground out 5-3 (Groundball, 56)
Batting: RHB Miguel López 0-0: Ball
1-0: Ball
2-0: Ground out 4-3 (Groundball, 4)
Top of the 6th over - 0 run(s), 0 hit(s), 0 error(s), 0 left on base; Iowa 8 - South Carolina 6
BOTTOM OF THE 6TH
South Carolina Gamecocks batting - Pitching for Iowa Hawkeyes : RHP Pedro Castillo
Batting: SHB Ron Sims 0-0: Ball
1-0: Ball
2-0: Ball
3-0: Called Strike
3-1: Base on Balls
Batting: LHB Bill Walter 0-0: Called Strike
0-1: Foul Ball, location: 2F
0-2: Strikes out swinging
Batting: LHB Chandler Pitts 0-0: Ball
1-0: Foul Ball, location: 2F
1-1: Foul Ball, location: 2F
1-2: Ball
2-2: 2-RUN HOME RUN (Flyball, 9D), Distance : 357 ft
Pitching: RHP Marlon Rivers
Batting: RHB Fernando Pérez 0-0: Called Strike
0-1: Foul Ball, location: 2F
0-2: Foul Ball, location: 2F
0-2: Fly out, F9 (Flyball, 9LS)
Batting: RHB Ryan Campbell 0-0: Ball
1-0: SINGLE (Flyball, 8RS)
Batting: RHB José Maldonado 0-0: Called Strike
0-1: Ball
1-1: Ball
2-1: Fly out, F7 (Line Drive, 7S)
Bottom of the 6th over - 2 run(s), 2 hit(s), 0 error(s), 1 left on base; Iowa 8 - South Carolina 8
TOP OF THE 7TH
Iowa Hawkeyes batting - Pitching for South Carolina Gamecocks : LHP Michael Harrison
Batting: RHB Stephen Spence 0-0: Ball
1-0: Foul Ball, location: 2F
1-1: Foul Ball, location: 2F
1-2: Ball
2-2: Ball
3-2: Ground out 6-3 (Groundball, 56)
Batting: RHB Rick Suárez 0-0: Ball
1-0: DOUBLE (Flyball, 8RD)
Batting: RHB Ed Nygaard 0-0: Intentional Walk
Batting: RHB Jim Sharry 0-0: Fielders Choice at 2nd, 6-4 (Groundball, 6)
Rick Suárez to third
Batting: RHB Chris Boner 0-0: Swinging Strike
0-1: Ball
1-1: SINGLE (Groundball, 6MD)
Rick Suárez scores
Jim Sharry to second
Runner from 2nd tries for 3rd, SAFE, throw made to third
Batting: RHB Mike Russell 0-0: Ball
1-0: Ball
2-0: Foul Ball, location: 2F
2-1: Ball
3-1: Called Strike
3-2: Base on Balls
Chris Boner to second
Batting: RHB Juan Escalante 0-0: Ball
1-0: Swinging Strike
1-1: Ball
2-1: Ball
3-1: Foul Ball, location: 2F
3-2: Base on Balls
Jim Sharry scores
Chris Boner to third
Mike Russell to second
Pitching: RHP Joseph Salinas
Batting: RHB Jim Jones 0-0: Ball
1-0: Foul Ball, location: 2F
1-1: Ball
2-1: Ball
Wild Pitch!
Chris Boner scores
Mike Russell to third
Juan Escalante to second
3-1: Base on Balls
Batting: RHB Miguel López 0-0: Ball
1-0: Called Strike
1-1: Ball
2-1: Called Strike
2-2: Strikes out looking
Top of the 7th over - 3 run(s), 2 hit(s), 0 error(s), 3 left on base; Iowa 11 - South Carolina 8
BOTTOM OF THE 7TH
South Carolina Gamecocks batting - Pitching for Iowa Hawkeyes : RHP Marlon Rivers
Batting: RHB Mason Melton 0-0: Called Strike
0-1: Ground out 5-3 (Groundball, 56S)
Batting: LHB Gilberto Ortíz 0-0: Ball
1-0: Ball
2-0: Called Strike
2-1: Ball
3-1: Base on Balls
Batting: RHB Rob DeWitt 0-0: Ball
1-0: Fly out, F5 (Popup, 5L)
Batting: SHB Ron Sims 0-0: Ball
1-0: Foul Ball, location: 2F
1-1: Foul Ball, location: 2F
1-2: Ball
2-2: Ball
3-2: Base on Balls
Gilberto Ortíz to second
Batting: LHB Bill Walter 0-0: Ball
1-0: Called Strike
1-1: Ball
2-1: Foul Ball, location: 2F
2-2: Strikes out swinging
Bottom of the 7th over - 0 run(s), 0 hit(s), 0 error(s), 2 left on base; Iowa 11 - South Carolina 8
TOP OF THE 8TH
Iowa Hawkeyes batting - Pitching for South Carolina Gamecocks : RHP Joseph Salinas
Batting: RHB Stephen Spence 0-0: Ball
1-0: Swinging Strike
1-1: Foul Ball, location: 2F
1-2: Strikes out swinging
Batting: RHB Rick Suárez 0-0: Called Strike
0-1: Ball
1-1: SINGLE (Groundball, 4D)
Batting: RHB Ed Nygaard 0-0: Ball
1-0: Fly out, F9 (Line Drive, 89M)
Batting: RHB Jim Sharry 0-0: Foul Ball, location: 2F
0-1: Ball
1-1: Called Strike
1-2: 2-RUN HOME RUN (Flyball, 8LXD), Distance : 410 ft
Pitching: RHP Keith Thomas
Batting: RHB Chris Boner 0-0: Ground out 4-3 (Groundball, 34)
Top of the 8th over - 2 run(s), 2 hit(s), 0 error(s), 0 left on base; Iowa 13 - South Carolina 8
BOTTOM OF THE 8TH
South Carolina Gamecocks batting - Pitching for Iowa Hawkeyes : RHP Marlon Rivers
Batting: LHB Chandler Pitts 0-0: Foul Ball, location: 2F
0-1: Reached on error, E6 (Groundball, 6M)
Batting: RHB Fernando Pérez 0-0: Ball
1-0: Ball
2-0: Ball
3-0: Base on Balls
Chandler Pitts to second
Batting: RHB Ryan Campbell 0-0: Ball
1-0: Grounds into double play, 6-4-3 (Groundball, 6M)
Chandler Pitts to third
Batting: RHB José Maldonado 0-0: Called Strike
0-1: Ball
1-1: Foul Ball, location: 2F
1-2: Ball
2-2: Foul Ball, location: 2F
2-2: Foul Ball, location: 2F
2-2: Strikes out swinging
Bottom of the 8th over - 0 run(s), 0 hit(s), 1 error(s), 1 left on base; Iowa 13 - South Carolina 8
TOP OF THE 9TH
Iowa Hawkeyes batting - Pitching for South Carolina Gamecocks : RHP Keith Thomas
Batting: RHB Mike Russell 0-0: Ball
1-0: Swinging Strike
1-1: Ball
2-1: Swinging Strike
2-2: Strikes out swinging
Batting: RHB Juan Escalante 0-0: Ball
1-0: Ball
2-0: Ball
3-0: Called Strike
3-1: Swinging Strike
3-2: Foul Ball, location: 2F
3-2: Strikes out swinging
Batting: RHB Jim Jones 0-0: Ball
1-0: Foul Ball, location: 2F
1-1: Ball
2-1: Foul Ball, location: 2F
2-2: Strikes out swinging
Top of the 9th over - 0 run(s), 0 hit(s), 0 error(s), 0 left on base; Iowa 13 - South Carolina 8
BOTTOM OF THE 9TH
South Carolina Gamecocks batting - Pitching for Iowa Hawkeyes : RHP Marlon Rivers
Batting: RHB Mason Melton 0-0: Fly out, F7 (Flyball, 7)
Batting: LHB Gilberto Ortíz 0-0: Swinging Strike
0-1: Ball
1-1: Swinging Strike
1-2: SINGLE (Groundball, 4MD)
Batting: RHB Rob DeWitt 0-0: Called Strike
0-1: DOUBLE (Line Drive, 7LM)
Gilberto Ortíz to third
Pitching: LHP Scott White
Batting: SHB Ron Sims 0-0: Ball
1-0: Ball
2-0: Called Strike
2-1: Ball
3-1: Called Strike
3-2: Base on Balls
Pitching: LHP Max Bridges
Batting: LHB Bill Walter 0-0: Ball
1-0: Grounds into double play, 6-4-3 (Groundball, 6)
Bottom of the 9th over - 0 run(s), 2 hit(s), 0 error(s), 2 left on base; Iowa 13 - South Carolina 8
Thursday, March 30th, 2017 - OOTP Baseball 17.12 Build 75